 Dungeon Crawl Stone Soup version 0.26-a0-519-gb2f46efeda (webtiles) character file.

Game seed: 1457736202359052838

8558 Gargoyl the Fighter (level 11, -11/89 HPs)
             Began as a Gnoll Abyssal Knight on Aug 10, 2020.
             Was a Priest of Lugonu.
             Mangled by a black mamba (12 damage)
             ... on level 1 of the Lair of Beasts.
             The game lasted 00:15:46 (10991 turns).

Gargoyl the Fighter (Gnoll Abyssal Knight)         Turns: 10991, Time: 00:15:47

Health: -11/89     AC: 14    Str: 21 (22) XL:     11   Next: 32%
Magic:  20/20      EV:  7    Int: 18 (20) God:    Lugonu [***...]
Gold:   703        SH: 11    Dex: 16 (17) Spells: 22/22 levels left

rFire    + . .     SeeInvis +   D - +2 hand axe (vamp)
rCold    . . .     Faith    .   q - +3 kite shield
rNeg     . . .     Spirit   .   f - +1 ring mail of Repulsion {rElec}
rPois    +         Reflect  .   b - +2 helmet
rElec    +         Harm     .   x - +0 cloak
rCorr    .                      l - +1 pair of gloves
MR       .....                  m - +1 pair of boots
Stlth    ++........             C - amulet of magic regeneration
HPRegen  0.24/turn              n - ring "Tytimo" {rPois rF+ Str+6 Int+4 SInv}
MPRegen  0.42/turn              u - ring of stealth

@: extremely drained
A: distributed training, fangs 1, agile 1, blink, deterioration 1, strong nose
a: Blink, Depart the Abyss, Bend Space, Banish, Renounce Religion


You were on level 1 of the Lair of Beasts.
You worshipped Lugonu.
Lugonu was most pleased with you.
You visited 2 branches of the dungeon, and saw 11 of its levels.
You visited the Abyss 2 times.

You collected 703 gold pieces.

Inventory:

Hand Weapons
 D - a +2 vampiric hand axe (weapon)
 I - a +0 broad axe of flaming
Missiles
 s - 5 boomerangs (quivered)
Armour
 b - a +2 helmet (worn)
 f - the +1 ring mail of Repulsion (worn) {rElec}
   (You found it on level 2 of the Abyss)

   It insulates you from electricity.
 l - a +1 pair of gloves (worn)
 m - a +1 pair of boots (worn)
 q - a +3 kite shield (worn)
 x - a +0 cloak (worn)
Jewellery
 n - the ring "Tytimo" (left hand) {rPois rF+ Str+6 Int+4 SInv}
   (You took it off an orc wizard on level 5 of the Dungeon)

   [ring of strength]

   It affects your strength (+6).
   It affects your intelligence (+4).
   It protects you from fire.
   It protects you from poison.
   It lets you see invisible.
 u - a ring of stealth (right hand)
 C - an amulet of magic regeneration (around neck)
Wands
 a - a wand of iceblast (6)
 d - a wand of paralysis (39)
 e - a wand of disintegration (10)
 p - a wand of acid (32)
 t - a wand of flame (28)
 w - a wand of polymorph (9)
 y - a wand of random effects (17)
Scrolls
 h - 5 scrolls of identify
 i - 2 scrolls of immolation
 k - 4 scrolls of fog
 v - 3 scrolls of remove curse
 z - 2 scrolls of blinking
 A - 2 scrolls of teleportation
Potions
 c - 4 potions of invisibility
 j - 3 potions of stabbing
 r - a potion of flight
 B - a potion of ambrosia
 E - a potion of brilliance {unknown}
 G - 2 potions of magic
 H - 3 potions of might


   Skills:
 + Level 9.1(0.0) Fighting
 + Level 6.2(0.0) Short Blades
 + Level 6.2(0.0) Long Blades
 + Level 7.8(0.0) Axes
 + Level 6.2(0.0) Maces & Flails
 + Level 6.2(0.0) Polearms
 + Level 6.2(0.0) Staves
 + Level 6.2(0.0) Slings
 + Level 6.2(0.0) Bows
 + Level 6.2(0.0) Crossbows
 + Level 6.2(0.0) Throwing
 + Level 7.8(0.0) Armour
 + Level 6.7(0.0) Dodging
 + Level 6.2(0.0) Stealth
 + Level 6.2(0.0) Shields
 + Level 6.2(0.0) Unarmed Combat
 + Level 6.2(0.0) Spellcasting
 + Level 5.1(0.0) Conjurations
 + Level 5.1(0.0) Hexes
 + Level 5.1(0.0) Summonings
 + Level 5.1(0.0) Necromancy
 + Level 5.1(0.0) Translocations
 + Level 5.1(0.0) Transmutations
 + Level 5.1(0.0) Fire Magic
 + Level 5.1(0.0) Ice Magic
 + Level 5.1(0.0) Air Magic
 + Level 5.1(0.0) Earth Magic
 + Level 5.1(0.0) Poison Magic
 + Level 8.3(0.0) Invocations
 + Level 6.2(0.0) Evocations


You had 22 spell levels left.
You didn't know any spells.
Your spell library contained the following spells:

 Spells                   Type           Power        Failure   Level
 Foxfire                  Conj/Fire      #...         95%         1
 Conjure Flame            Conj/Fire      #.......     100%        3
 Inner Flame              Hex/Fire       #.......     100%        3
 Sticky Flame             Conj/Fire      #.......     100%        4
 Fireball                 Conj/Fire      #.........   100%        5


Dungeon Overview and Level Annotations

Branches:
Dungeon (9/15)             Temple (0/1) D:4            Lair (2/6) D:8
  Swamp: Lair:2-4    Shoals: Lair:2-4     Snake: Lair:2-4    Spider: Lair:2-4
    Orc: D:9-12

Altars:
Dithmenos
Hepliaklqana
Okawaru
Qazlal
Ru
Zin
The Shining One

Shops:
D:9 (


Innate Abilities, Weirdness & Mutations

Your experience applies equally to all skills.
You have very sharp teeth.
Your uncanny sense of smell can sniff out nearby items.
You are agile. (Dex +2)
You can translocate small distances at will.
Your body sometimes deteriorates upon taking damage.


Message History

You barely miss the black mamba.
The black mamba is severely wounded.
The black mamba bites you but does no damage.
You block the black mamba's attack.
You hit the black mamba.
You feel better.
The black mamba is severely wounded.
You block the black mamba's attack. x2; The black mamba barely misses you.
Unknown command.
You closely miss the black mamba.
The black mamba is severely wounded.
The black mamba bites you but does no damage.
You block the black mamba's attack.
You hit the black mamba.
You feel better.
Your bite misses the black mamba.
The black mamba is almost dead.
The black mamba bites you.
* * * LOW HITPOINT WARNING * * *
The black mamba bites you.
* * * LOW HITPOINT WARNING * * *
The black mamba bites you!
You die...

(...........########.............
....)............................
..............)..................
.................................
.................................
.................................
..#.##[...#####.##.#....##.#.####
..........####..##..#...........#
.....#....##...S@..##...+........
.....#..........>..#....#........
..........##............#.......#
.....#.....#.......##...#.......#
.....#....#..#.######...#.......#
#.#.##....#..#.######....#..#.##.
....^............................
.................................
.................................


You could see a black mamba.

Vanquished Creatures
  Harold (D:7)
  Sonja (Lair:1)
  The ghost of Askman the Spear-Bearer, a novice DsGl of Hepliaklqana (D:5)
  A rime drake (Lair:1)
  A hippogriff (Lair:1)
  5 yaks
  A wyvern (D:8)
  Menkaure (D:4)
  A water moccasin (Lair:1)
  4 porcupines
  3 orc warriors
  An ice beast (D:6)
  A phantom (D:6)
  3 black bears (D:8)
  3 ogres
  2 centaurs
  A crocodile (D:8)
  12 big kobolds
  2 bullfrogs (D:6)
  A scorpion (D:5)
  5 killer bees (D:8)
  10 wights
  A howler monkey (D:6)
  4 hounds
  Crazy Yiuf (D:5)
  An orc priest (D:7)
  2 bullfrog skeletons
  Jessica (D:3)
  An iguana (D:6)
  6 orc wizards
  3 worker ants
  2 worker ant zombies (D:8)
  8 adders
  8 gnolls
  A river rat (D:6)
  A shadow imp (D:5)
  An ufetubus (D:6)
  An ooze (D:2)
  An adder zombie (D:5)
  An adder skeleton (D:8)
  A worm (D:3)
  5 dart slugs
  5 leopard geckos
  18 orcs
  7 giant cockroaches
  6 goblins
  9 hobgoblins
  6 jackals
  4 quokkas
  A ball python (D:5)
  4 bats
  5 frilled lizards
  12 kobolds
  A leopard gecko skeleton (D:6)
  A leopard gecko zombie (D:5)
  10 rats
200 creatures vanquished.

Vanquished Creatures (others)
  2 hydras (Lair:1)
  An orc wizard (D:7)
  17 fungi
  5 plants
25 creatures vanquished.

Grand Total: 225 creatures vanquished

Notes
Turn   | Place    | Note
-------+----------+-------------------------------------------
     0 | Abyss:1  | Gargoyl the Gnoll Abyssal Knight began the quest for the
                  | Orb.
     0 | Abyss:1  | Reached XP level 1. HP: 23/23 MP: 3/3
    52 | Abyss:1  | Found a corrupted altar of Lugonu.
   159 | Abyss:1  | Noticed a large abomination
   240 | Abyss:2  | Got a sapphire-studded ring mail
   243 | Abyss:2  | Noticed a small abomination
   261 | Abyss:3  | Identified the cursed +1 ring mail of Repulsion {rElec}
                  | (You found it on level 2 of the Abyss)
   262 | Abyss:3  | Found a corrupted altar of Lugonu.
   310 | Abyss:3  | Noticed a ynoxinul
   310 | Abyss:3  | Noticed a thrashing horror
   384 | Abyss:4  | Noticed a white very ugly thing
   389 | D:1      | Escaped the Abyss
   493 | D:1      | Reached * piety under Lugonu
   493 | D:1      | Reached XP level 2. HP: 28/29 MP: 5/5
  1408 | D:2      | Reached XP level 3. HP: 35/35 MP: 6/6
  1656 | D:2      | Reached skill level 1 in Short Blades
  1656 | D:2      | Reached skill level 1 in Long Blades
  1656 | D:2      | Reached skill level 1 in Maces & Flails
  1656 | D:2      | Reached skill level 1 in Polearms
  1656 | D:2      | Reached skill level 1 in Staves
  1656 | D:2      | Reached skill level 1 in Slings
  1656 | D:2      | Reached skill level 1 in Bows
  1656 | D:2      | Reached skill level 1 in Crossbows
  1656 | D:2      | Reached skill level 1 in Throwing
  1656 | D:2      | Reached skill level 1 in Stealth
  1656 | D:2      | Reached skill level 1 in Shields
  1656 | D:2      | Reached skill level 1 in Unarmed Combat
  1656 | D:2      | Reached skill level 1 in Spellcasting
  1656 | D:2      | Reached skill level 1 in Evocations
  1666 | D:2      | Reached XP level 4. HP: 41/41 MP: 7/7
  1731 | D:2      | Reached skill level 1 in Conjurations
  1731 | D:2      | Reached skill level 1 in Hexes
  1731 | D:2      | Reached skill level 1 in Summonings
  1731 | D:2      | Reached skill level 1 in Necromancy
  1731 | D:2      | Reached skill level 1 in Translocations
  1731 | D:2      | Reached skill level 1 in Transmutations
  1731 | D:2      | Reached skill level 1 in Fire Magic
  1731 | D:2      | Reached skill level 1 in Ice Magic
  1731 | D:2      | Reached skill level 1 in Air Magic
  1731 | D:2      | Reached skill level 1 in Earth Magic
  1731 | D:2      | Reached skill level 1 in Poison Magic
  1980 | D:3      | Reached XP level 5. HP: 47/47 MP: 8/8
  2054 | D:3      | Noticed Jessica
  2067 | D:3      | Killed Jessica
  2092 | D:3      | Reached ** piety under Lugonu
  2458 | D:3      | You fall into a shaft and drop 2 floors!
  2458 | D:5      | Entered Level 5 of the Dungeon
  2468 | D:5      | Reached skill level 5 in Invocations
  2491 | D:5      | Identified the ring "Tytimo" {rPois rF+ Str+6 Int+4 SInv}
  2500 | D:5      | Reached XP level 6. HP: 40/53 MP: 9/9
  2572 | D:5      | Reached skill level 5 in Axes
  2572 | D:5      | Reached skill level 5 in Armour
  3032 | D:4      | Noticed Menkaure
  3039 | D:4      | Killed Menkaure
  3039 | D:4      | Reached XP level 7. HP: 51/59 MP: 10/10
  3111 | D:4      | Found a staircase to the Ecumenical Temple.
  3197 | D:4      | Found a glowing golden altar of the Shining One.
  3496 | D:4      | Reached skill level 7 in Fighting
  3782 | D:4      | Found a hazy altar of Hepliaklqana.
  3912 | D:5      | Found an iron altar of Okawaru.
  4252 | D:5      | Found a runed translucent door.
  4253 | D:5      | Found the +10 morningstar "Eos" {elec, Halo rElec}
  4253 | D:5      | Noticed Crazy Yiuf
  4351 | D:5      | Killed Crazy Yiuf
  4847 | D:6      | Reached XP level 8. HP: 65/67 MP: 12/12
  5022 | D:6      | Found a sacrificial altar of Ru.
  5031 | D:6      | Found a runed translucent gate.
  5031 | D:6      | Found a runed translucent gate.
  5031 | D:6      | Identified the cursed +1 dagger "Kaodwig" {drain, +Fly}
  5044 | D:6      | Found a runed translucent gate.
  5045 | D:6      | Noticed Askman's ghost (novice DsGl)
  5062 | D:6      | Paralysed by a big kobold for 3 turns
  5245 | D:5      | Killed Askman's ghost
  5483 | D:6      | Paralysed by a big kobold for 5 turns
  5498 | D:6      | Cast into level 2 of the Abyss (big kobold)
  5577 | Abyss:2  | Noticed an ancient zyme
  5594 | Abyss:2  | Noticed a wretched star
  5595 | Abyss:2  | Noticed a raiju
  5601 | Abyss:2  | Noticed a large abomination
  5605 | D:6      | Escaped the Abyss
  5609 | D:6      | Reached XP level 9. HP: 46/72 MP: 12/14
  6067 | D:6      | Found a shadowy altar of Dithmenos.
  6132 | D:6      | Reached skill level 5 in Dodging
  6150 | D:6      | Found a glowing silver altar of Zin.
  6339 | D:7      | Gained mutation: You can translocate small distances at
                  | will. [potion of mutation]
  6339 | D:7      | Gained mutation: Your body sometimes deteriorates upon
                  | taking damage. [potion of mutation]
  6339 | D:7      | Gained mutation: You are agile. (Dex +2) [potion of
                  | mutation]
  6668 | D:7      | Reached *** piety under Lugonu
  6676 | D:7      | Reached skill level 8 in Fighting
  6739 | D:7      | Found a stormy altar of Qazlal.
  7622 | D:7      | Noticed Harold
  7649 | D:7      | Killed Harold
  7649 | D:7      | Reached XP level 10. HP: 58/80 MP: 15/17
  7914 | D:8      | Reached skill level 5 in Short Blades
  7914 | D:8      | Reached skill level 5 in Long Blades
  7914 | D:8      | Reached skill level 5 in Maces & Flails
  7914 | D:8      | Reached skill level 5 in Polearms
  7914 | D:8      | Reached skill level 5 in Staves
  7914 | D:8      | Reached skill level 5 in Slings
  7914 | D:8      | Reached skill level 5 in Bows
  7914 | D:8      | Reached skill level 5 in Crossbows
  7914 | D:8      | Reached skill level 5 in Throwing
  7914 | D:8      | Reached skill level 5 in Stealth
  7914 | D:8      | Reached skill level 5 in Shields
  7914 | D:8      | Reached skill level 5 in Unarmed Combat
  7914 | D:8      | Reached skill level 5 in Spellcasting
  7914 | D:8      | Reached skill level 5 in Evocations
  8961 | D:8      | Found a staircase to the Lair.
  9087 | D:8      | You fall into a shaft and drop 1 floor!
  9093 | D:9      | Found Gelyshe's Weapon Emporium.
  9874 | Lair:1   | Entered Level 1 of the Lair of Beasts
 10199 | Lair:1   | Noticed a four-headed hydra
 10202 | Lair:1   | Banished a four-headed hydra
 10202 | Lair:1   | Reached XP level 11. HP: 87/87 MP: 14/19
 10231 | Lair:1   | Noticed a six-headed hydra
 10232 | Lair:1   | Banished a six-headed hydra
 10232 | Lair:1   | Reached skill level 9 in Fighting
 10232 | Lair:1   | Reached skill level 5 in Conjurations
 10232 | Lair:1   | Reached skill level 5 in Hexes
 10232 | Lair:1   | Reached skill level 5 in Summonings
 10232 | Lair:1   | Reached skill level 5 in Necromancy
 10232 | Lair:1   | Reached skill level 5 in Translocations
 10232 | Lair:1   | Reached skill level 5 in Transmutations
 10232 | Lair:1   | Reached skill level 5 in Fire Magic
 10232 | Lair:1   | Reached skill level 5 in Ice Magic
 10232 | Lair:1   | Reached skill level 5 in Air Magic
 10232 | Lair:1   | Reached skill level 5 in Earth Magic
 10232 | Lair:1   | Reached skill level 5 in Poison Magic
 10257 | Lair:1   | Noticed Sonja
 10324 | Lair:1   | Killed Sonja
 10965 | Lair:1   | HP: 4/89 [yak (6)]
 10972 | Lair:1   | HP: 4/89 [black mamba (10)]
 10987 | Lair:1   | HP: 2/89 [black mamba (11)]
 10991 | Lair:1   | Mangled by a black mamba

Illustrated notes

Levels and vault maps discovered:
D:1:      psy_arrival_radial02, layout_basic
D:2:      layout_basic
D:3:      layout_basic, uniq_jessica
D:4:      layout_basic, kennysheep_mini_moat, lemuel_doored_altar,
          minmay_temple_entry_slanted, uniq_menkaure
D:5:      layout_rooms, okawaru_ov_weapons_minmay, uniq_crazy_yiuf_cottage
D:6:      layout_basic, lemuel_crystal_altar, lemuel_round_altar,
          gammafunk_ghost_nasty_kobolds, gup_sewer_entry_bubbles,
          grunt_dithmenos_shadows
D:7:      layout_loops_ring, chequers_serial_rivers_micro_b,
          grunt_qazlal_clouds, uniq_harold
D:8:      layout_cave_pools, grunt_lair_entry_orc_guard_hut
D:9:      layout_roguey, lemuel_crystal_altar, old_standard_altar,
          lemuel_zombie_altar_yredelemnul, serial_shops, kennysheep_little_box,
          nicolae_shop_behind_doors, shop, nicolae_shop_crystal, minivault_16
Lair:1:   layout_regular_city, serial_bayou_crossing, grunt_megastairs_2,
          uniq_sonja
Lair:2:   layout_misc_corridors, minmay_snake_entry_six_corridors,
          chequers_serial_rivers_small_b, minivault_25, minivault_19,
          minmay_lair_oklob_items

Skill      XL: |  1  2  3  4  5  6  7  8  9 10 11 |
---------------+----------------------------------+-----
Short Blades   | 1 2 3 4 5 6 |  6.2
Long Blades    | 1 2 3 4 5 6 |  6.2
Maces & Flails | 1 2 3 4 5 6 |  6.2
Polearms       | 1 2 3 4 5 6 |  6.2
Staves         | 1 2 3 4 5 6 |  6.2
Slings         | 1 2 3 4 5 6 |  6.2
Bows           | 1 2 3 4 5 6 |  6.2
Crossbows      | 1 2 3 4 5 6 |  6.2
Throwing       | 1 2 3 4 5 6 |  6.2
Stealth        | 1 2 3 4 5 6 |  6.2
Shields        | 1 2 3 4 5 6 |  6.2
Unarmed Combat | 1 2 3 4 5 6 |  6.2
Spellcasting   | 1 2 3 4 5 6 |  6.2
Evocations     | 1 2 3 4 5 6 |  6.2
Conjurations   | 1 2 3 4 5 |  5.1
Hexes          | 1 2 3 4 5 |  5.1
Summonings     | 1 2 3 4 5 |  5.1
Necromancy     | 1 2 3 4 5 |  5.1
Translocations | 1 2 3 4 5 |  5.1
Transmutations | 1 2 3 4 5 |  5.1
Fire Magic     | 1 2 3 4 5 |  5.1
Ice Magic      | 1 2 3 4 5 |  5.1
Air Magic      | 1 2 3 4 5 |  5.1
Earth Magic    | 1 2 3 4 5 |  5.1
Poison Magic   | 1 2 3 4 5 |  5.1
Dodging        | 3 4 5 6 |  6.7
Invocations    | 5 6 7 8 |  8.3
Axes           | 5 6 7 |  7.8
Armour         | 5 6 7 |  7.8
Fighting       | 7 8 9 |  9.1

Action                   |  1- 3 |  4- 6 |  7- 9 | 10-12 || total
-------------------------+-------+-------+-------+-------++-------
Melee: Hand axe          |   113 |   153 |   513 |   323 ||  1102
       Bite              |     9 |    17 |    57 |    45 ||   128
       Punch             |     1 |       |       |       ||     1
Invok: Depart the Abyss  |     1 |       |     1 |       ||     2
       Bend Space        |       |       |       |     2 ||     2
       Banish            |       |       |       |     3 ||     3
  Use: Potion            |     3 |       |     3 |     9 ||    15
       Scroll            |     2 |     6 |     7 |    13 ||    28
 Stab: Sleeping          |       |       |     6 |     2 ||     8
Armor: Ring mail         |    79 |    72 |   135 |   199 ||   485
       Skin              |       |       |    20 |       ||    20
Dodge: Dodged            |   114 |    83 |   148 |   226 ||   571
Block: Kite shield       |       |    46 |   312 |   368 ||   726

Table legend: (Time is in decaauts)
 A = Elapsed time spent in this place.
 B = Non-inter-level travel time spent in this place.
 C = Inter-level travel time spent in this place.
 D = Time resting spent in this place.
 E = Time spent auto-exploring this place.
 F = Levels seen in this place.
 G = Mean time per level.
                   A        B        C        D        E       F      G
               +--------+--------+--------+--------+--------+-----+--------+
         Total |  11160 |  10892 |    268 |   2530 |   5714 |  16 |  697.5 |
       Dungeon |   9508 |   9261 |    247 |   2386 |   4633 |   9 | 1056.4 |
          Lair |   1157 |   1136 |     21 |    144 |    743 |   2 |  578.5 |
         Abyss |    495 |    495 |      0 |      0 |    337 |   5 |   99.0 |
               +--------+--------+--------+--------+--------+-----+--------+

Top non-repeatable levels by time:
     D:6: 1956 daAuts
     D:7: 1590 daAuts
     D:5: 1243 daAuts
  Lair:1: 1140 daAuts
     D:8: 1101 daAuts
     D:1: 968 daAuts
     D:4: 951 daAuts
     D:3: 819 daAuts
     D:2: 521 daAuts
     D:9: 355 daAuts
 Abyss:2: 187 daAuts
 Abyss:1: 169 daAuts
 Abyss:3: 81 daAuts
 Abyss:4: 56 daAuts
  Lair:2: 16 daAuts
